Atomiques vs Thunder
Created - December 19, 2020 at 19:11
Goals
|
| Atomiques |
1 |
1 |
1 |
0 |
3 |
4 |
| Thunder |
0 |
1 |
2 |
0 |
2 |
3 |
|
Shots
|
| Atomiques |
11 |
15 |
7 |
0 |
5 |
33 |
| Thunder |
14 |
6 |
16 |
0 |
5 |
36 |
|
1st period
1. Atomiques , Michael Chaput 14 (Wiley Sherman 15) at 14:03
Penalties :
Michael Chaput (STB) for Roughing (Minor) at 11:07, Jamie McGinn (TRO) for Holding (Minor) at 17:51
2nd period
2. Thunder , Jordan Weal 2 (Josh Manson 2) at 8:22
3. Atomiques , Oscar Sundqvist 7 (Brock McGinn 9) at 9:11 (PP)
Penalties :
Oscar Sundqvist (STB) for Tripping (Minor) at 3:58, Dany Roussin (TRO) for Holding (Minor) at 8:59
3rd period
4. Thunder , Zach Stepan 5 (Artturi Lehkonen 3, Trevor Lewis 11) at 4:11
5. Thunder , Josh Manson 1 (Trevor Lewis 12, Jamie McGinn 5) at 4:25
6. Atomiques , Nicolas Aube-Kubel 6 (Jeremy Lauzon 8, Dylan Strome 7) at 15:27
Penalties :
Brendan Perlini (STB) for Slashing (Minor) at 1:58, Brendan Perlini (STB) for Interference (Minor) at 5:35, Brock McGinn (STB) for Holding (Minor) at 15:36, Zach Stepan (TRO) for Roughing (Minor) at 19:15
Overtime #1
No Goal
Penalties :
No Penalty
Shootout
Atomiques, Brock McGinn - Stopped by Niklas Treutle
Thunder, Dany Roussin - Shot Misses the Net
Atomiques, Oscar Sundqvist - Stopped by Niklas Treutle
Thunder, Brayden Point - Shot Misses the Net
Atomiques, Michael Chaput - Goal!
Thunder, Trevor Lewis - Goal!
Atomiques, William Nylander - Goal!
Thunder, Jamie McGinn - Goal!
Atomiques, Kerby Rychel - Goal!
Thunder, Zach Stepan - Stopped by Alex Nedeljkovic
Penalties :
No Penalty
Goalie Stats
Alex Nedeljkovic (STB), 33 saves from 36 shots - (0.917), W, 9-6-1, 65:00 minutes
Niklas Treutle (TRO), 30 saves from 33 shots - (0.909), OTL, 7-9-3, 65:00 minutes
Players Stats for Atomiques
Player Name G A P +/- PIM S H SB GA TA FO MP PP MP PK MP
------------------------------------------------------------------------------------
Axel Holmstrom 0 0 0 0 0 2 0 0 0 0 2/2 8:02 0:00 0:13
Brendan Guhle 0 0 0 -1 0 2 0 1 0 0 0/0 17:01 0:00 3:58
Brendan Perlini 0 0 0 -2 4 3 3 1 3 1 0/0 14:14 0:10 0:17
Brock McGinn 0 1 1 -1 2 4 1 0 1 0 0/1 23:58 1:31 4:39
Cody Goloubef 0 0 0 -1 0 1 1 3 1 1 0/0 31:27 2:08 5:57
Denis Gurianov 0 0 0 1 0 0 0 0 0 0 0/0 12:56 1:35 0:00
Dylan Strome 0 1 1 -1 0 2 1 0 0 2 4/11 14:30 0:00 1:47
Jeremy Lauzon 0 1 1 1 0 0 0 1 1 0 0/0 16:33 0:47 0:00
Kerby Rychel 0 0 0 0 0 3 3 0 0 0 0/0 11:43 0:07 2:23
Kevin Fiala 0 0 0 0 0 0 3 0 2 0 1/2 15:57 1:17 0:00
Matt Tennyson 0 0 0 0 0 3 1 3 0 0 0/0 22:14 0:47 3:58
Max McCormick 0 0 0 0 0 0 0 0 0 0 0/0 7:36 0:00 0:00
Michael Chaput 1 0 1 0 2 5 2 1 1 0 2/7 18:31 1:17 3:18
Nicolas Aube-Kubel 1 0 1 -1 0 3 0 0 0 1 0/0 12:10 0:00 0:00
Oliver Kylington 0 0 0 0 0 0 2 2 0 0 0/0 11:19 0:00 0:00
Oscar Sundqvist 1 0 1 0 2 1 2 0 1 0 19/40 23:21 1:31 4:37
Wiley Sherman 0 1 1 -1 0 2 2 5 0 3 0/0 31:27 2:08 5:57
William Nylander 0 0 0 1 0 2 2 0 0 0 0/0 17:01 1:17 2:36
Players Stats for Thunder
Player Name G A P +/- PIM S H SB GA TA FO MP PP MP PK MP
------------------------------------------------------------------------------------
Artturi Lehkonen 0 1 1 0 0 2 1 0 0 0 1/1 11:45 0:00 0:00
Artur Gavrus 0 0 0 0 0 0 0 0 0 0 0/0 0:00 0:00 0:00
Austin Poganski 0 0 0 0 0 1 3 1 1 1 0/0 19:37 3:52 0:00
Brayden Point 0 0 0 1 0 10 1 2 2 1 14/31 27:31 5:50 2:07
Colby Cave 0 0 0 0 0 0 0 0 0 0 0/1 1:41 0:00 0:47
Colton Sceviour 0 0 0 0 0 1 0 0 0 0 0/0 16:29 5:50 0:00
Dany Roussin 0 0 0 0 2 6 0 1 1 1 4/7 29:27 5:50 2:32
Jakob Lilja 0 0 0 1 0 2 0 0 0 1 0/0 9:10 0:00 0:26
Jamie McGinn 0 1 1 0 2 0 4 3 0 0 1/1 20:42 3:52 0:06
Jarrod Maidens 0 0 0 0 0 0 0 0 0 0 0/0 0:00 0:00 0:00
Jesper Pettersson 0 0 0 0 0 0 1 0 0 0 0/0 23:01 4:54 1:24
Jordan Weal 1 0 1 1 0 1 1 0 1 0 1/1 9:06 0:13 0:26
Josh Manson 1 1 2 -1 0 3 3 3 1 1 0/0 30:11 5:01 2:46
Mackenze Stewart 0 0 0 2 0 0 0 0 0 0 0/0 11:38 0:00 0:00
Mikko Vainonen 0 0 0 0 0 0 1 0 0 1 0/0 23:01 4:54 1:24
Nikolay Prokhorkin 0 0 0 0 0 0 0 0 0 0 0/0 5:05 0:13 0:00
Roman Josi 0 0 0 -1 0 5 2 3 1 2 0/0 30:21 5:01 2:46
Ryan Graves 0 0 0 2 0 0 1 0 0 1 0/0 11:48 0:00 0:00
Trevor Lewis 0 2 2 0 0 4 1 1 1 0 11/16 21:09 3:52 0:41
Vincent Dunn 0 0 0 0 0 0 0 0 0 0 0/0 1:49 0:13 0:00
Zach Stepan 1 0 1 0 2 1 1 0 0 1 3/5 12:16 0:00 0:00
3 Stars
1 - Josh Manson (TRO)
2 - Jordan Weal (TRO)
3 - Trevor Lewis (TRO)
Power Play
Atomiques - 1 on 3 Attempt(s) - 33.33%
Thunder - 0 on 5 Attempt(s) - 0.00%
Penalty Kill
Atomiques - 5 on 5 Attempt(s) - 100.00%
- Score 0 goal in Penalty Kill
Thunder - 2 on 3 Attempt(s) - 66.67%
- Score 0 goal in Penalty Kill
Team Stat
Atomiques - Hits : 23 - Faceoff Wins : 28 - Blocked Shots : 17 - Penalty Minutes : 10
Thunder - Hits : 20 - Faceoff Wins : 35 - Blocked Shots : 14 - Penalty Minutes : 6
Official
Referees : Unknown
Linesman : Unknown
Game Notes
No Game Note
Finance
Level 1 -- Attendance: 1395 (69.75%) -- Ticket Income $55,800
Level 2 -- Attendance: 740 (74.00%) -- Ticket Income $14,800
Total Attendance: 2135 (71.17%)
Total Ticket Income: $70,600
Other Income: $3,530
Total Income: $74,130
Atomiques
5 vs 5 Forward
Center Left Wing Right Wing Time % Phy DF OF
1 Oscar Sundqvist Brock McGinn Kevin Fiala 40 1 2 2
2 Michael Chaput William Nylander Denis Gurianov 25 1 2 2
3 Dylan Strome Brendan Perlini Nicolas Aube-Kubel 25 1 2 2
4 Axel Holmstrom Kerby Rychel Max McCormick 10 1 2 2
5 vs 5 Defense
Defense Defense Time % Phy DF OF
1 Wiley Sherman Cody Goloubef 40 1 2 2
2 Matt Tennyson Jeremy Lauzon 30 1 2 2
3 Brendan Guhle Oliver Kylington 20 1 2 2
4 Wiley Sherman Cody Goloubef 10 1 2 2
PowerPlay Forward
Center Left Wing Right Wing Time % Phy DF OF
1 Oscar Sundqvist Brock McGinn Denis Gurianov 60 1 2 2
2 Michael Chaput William Nylander Kevin Fiala 40 1 2 2
PowerPlay Defense
Defense Defense Time % Phy DF OF
1 Wiley Sherman Cody Goloubef 60 1 2 2
2 Matt Tennyson Jeremy Lauzon 40 1 2 2
Penalty Kill 4 Players Forward
Center Wing Time % Phy DF OF
1 Oscar Sundqvist Brock McGinn 60 1 2 2
2 Michael Chaput William Nylander 40 1 2 2
Penalty Kill 4 Players Defense
Defense Defense Time % Phy DF OF
1 Wiley Sherman Cody Goloubef 60 1 2 2
2 Matt Tennyson Brendan Guhle 40 1 2 2
Penalty Kill - 3 Players Forward
Forward Time % Phy DF OF
1 Oscar Sundqvist 60 1 2 2
2 Michael Chaput 40 1 2 2
Penalty Kill - 3 Players Defense
Defense Defense Time % Phy DF OF
1 Matt Tennyson Cody Goloubef 60 1 2 2
2 Wiley Sherman Brendan Guhle 40 1 2 2
4 vs 4 Forward
Center Wing Time % Phy DF OF
1 Oscar Sundqvist Brock McGinn 60 1 2 2
2 Michael Chaput William Nylander 40 1 2 2
4 vs 4 Defense
Defense Defense Time % Phy DF OF
1 Wiley Sherman Cody Goloubef 60 1 2 2
2 Matt Tennyson Jeremy Lauzon 40 1 2 2
Last Minutes Offensive
Center Left Wing Right Wing Defense Defense
Oscar Sundqvist Brock McGinn Denis Gurianov Wiley Sherman Cody Goloubef
Last Minutes Defensive
Center Left Wing Right Wing Defense Defense
Michael Chaput Brock McGinn Kevin Fiala Matt Tennyson Cody Goloubef
Goaltenders
Starting : Alex Nedeljkovic
Backup : Kaapo Kahkonen
Extra Forwards
Normal : William Nylander, Brendan Perlini, Brock McGinn - PP : Brendan Perlini, Kevin Fiala - PK : Brock McGinn
Extra Defensemen
Normal : Brendan Guhle, Oliver Kylington, Wiley Sherman - PP : Brendan Guhle - PK : Oliver Kylington, Wiley Sherman
Penalty Shots
Brock McGinn, Oscar Sundqvist, Michael Chaput, William Nylander, Kerby Rychel
Scratches
Sean Walker (Healthy), Christian Fischer (Healthy), Dalton Smith (Healthy), Chase De Leo (Sprained Right Knee Injury), Keegan Iverson (Healthy)
Thunder
5 vs 5 Forward
Center Left Wing Right Wing Time % Phy DF OF
1 Brayden Point Dany Roussin Colton Sceviour 40 1 2 2
2 Trevor Lewis Jamie McGinn Austin Poganski 30 1 2 2
3 Zach Stepan Artturi Lehkonen Dany Roussin 20 1 2 2
4 Jordan Weal Jakob Lilja Brayden Point 10 1 2 2
5 vs 5 Defense
Defense Defense Time % Phy DF OF
1 Josh Manson Roman Josi 40 1 2 2
2 Mikko Vainonen Jesper Pettersson 30 1 2 2
3 Ryan Graves Mackenze Stewart 20 1 2 2
4 Josh Manson Roman Josi 10 1 2 2
PowerPlay Forward
Center Left Wing Right Wing Time % Phy DF OF
1 Brayden Point Dany Roussin Colton Sceviour 60 1 2 2
2 Trevor Lewis Jamie McGinn Austin Poganski 40 1 2 2
PowerPlay Defense
Defense Defense Time % Phy DF OF
1 Josh Manson Roman Josi 60 1 2 2
2 Mikko Vainonen Jesper Pettersson 40 1 2 2
Penalty Kill 4 Players Forward
Center Wing Time % Phy DF OF
1 Dany Roussin Brayden Point 60 1 2 2
2 Trevor Lewis Jamie McGinn 40 1 2 2
Penalty Kill 4 Players Defense
Defense Defense Time % Phy DF OF
1 Josh Manson Roman Josi 60 1 2 2
2 Mikko Vainonen Jesper Pettersson 40 1 2 2
Penalty Kill - 3 Players Forward
Forward Time % Phy DF OF
1 Dany Roussin 60 1 2 2
2 Brayden Point 40 1 2 2
Penalty Kill - 3 Players Defense
Defense Defense Time % Phy DF OF
1 Josh Manson Roman Josi 60 1 2 2
2 Mikko Vainonen Jesper Pettersson 40 1 2 2
4 vs 4 Forward
Center Wing Time % Phy DF OF
1 Dany Roussin Brayden Point 60 1 2 2
2 Trevor Lewis Jamie McGinn 40 1 2 2
4 vs 4 Defense
Defense Defense Time % Phy DF OF
1 Josh Manson Roman Josi 60 1 2 2
2 Mikko Vainonen Jesper Pettersson 40 1 2 2
Last Minutes Offensive
Center Left Wing Right Wing Defense Defense
Brayden Point Dany Roussin Colton Sceviour Josh Manson Roman Josi
Last Minutes Defensive
Center Left Wing Right Wing Defense Defense
Brayden Point Dany Roussin Colton Sceviour Josh Manson Roman Josi
Goaltenders
Starting : Niklas Treutle
Backup : Sergei Kostenko
Extra Forwards
Normal : Nikolay Prokhorkin, Vincent Dunn, Colby Cave - PP : Nikolay Prokhorkin, Vincent Dunn - PK : Colby Cave
Extra Defensemen
Normal : Ryan Graves, Mackenze Stewart, Mikko Vainonen - PP : Ryan Graves - PK : Mackenze Stewart, Mikko Vainonen
Penalty Shots
Dany Roussin, Brayden Point, Trevor Lewis, Jamie McGinn, Zach Stepan
Scratches
Angelo Esposito (Healthy), Gianluca Curcuruto (Broken Left Thumb Injury), Emil Johansson (Healthy)
% Time on Ice - Atomiques
Lines # - Real PCT - Wanted PCT - Time Play
Normal Forward
1 - 34% - 40% - 16:03
2 - 24% - 25% - 11:21
3 - 26% - 25% - 12:10
4 - 16% - 10% - 7:36
Normal Defense
1 - 38% - 40% - 18:01
2 - 33% - 30% - 15:44
3 - 22% - 20% - 10:32
4 - 6% - 10% - 2:53
PP Forward
1 - 56% - 60% - 1:38
2 - 44% - 40% - 1:17
PP Defense
1 - 73% - 60% - 2:08
2 - 27% - 40% - 0:47
PK Forward
1 - 84% - 60% - 8:18
2 - 16% - 40% - 1:37
PK Defense
1 - 60% - 60% - 5:57
2 - 40% - 40% - 3:58
PK3 Forward
1 - 0% - 60%
2 - 0% - 40%
PK3 Defense
1 - 0% - 60%
2 - 0% - 40%
44 Forward
1 - 88% - 60% - 4:25
2 - 12% - 40% - 0:35
44 Defense
1 - 65% - 60% - 3:15
2 - 35% - 40% - 1:45
Last Minute Offensive - 0:00
Last Minute Defensive - 0:00
Total
Forward - 65:00
Defense - 65:00
|
% Time on Ice - Thunder
Lines # - Real PCT - Wanted PCT - Time Play
Normal Forward
1 - 24% - 40% - 11:13
2 - 34% - 30% - 16:03
3 - 25% - 20% - 11:45
4 - 17% - 10% - 8:09
Normal Defense
1 - 41% - 40% - 19:08
2 - 32% - 30% - 15:09
3 - 23% - 20% - 11:04
4 - 4% - 10% - 1:49
PP Forward
1 - 61% - 60% - 6:03
2 - 39% - 40% - 3:52
PP Defense
1 - 51% - 60% - 5:01
2 - 49% - 40% - 4:54
PK Forward
1 - 77% - 60% - 2:14
2 - 23% - 40% - 0:41
PK Defense
1 - 70% - 60% - 2:03
2 - 30% - 40% - 0:52
PK3 Forward
1 - 75% - 60% - 0:56
2 - 25% - 40% - 0:19
PK3 Defense
1 - 57% - 60% - 0:43
2 - 43% - 40% - 0:32
44 Forward
1 - 78% - 60% - 2:56
2 - 22% - 40% - 0:49
44 Defense
1 - 58% - 60% - 2:11
2 - 42% - 40% - 1:34
Last Minute Offensive - 0:00
Last Minute Defensive - 0:00
Total
Forward - 65:00
Defense - 65:00
|
Play-by-Play
1st period
0:01 of 1st period - Brayden Point wins face-off versus Oscar Sundqvist in neutral zone.
1:22 of 1st period - Dany Roussin is hit by Kerby Rychel and loses puck.
1:47 of 1st period - Snap shot by Artturi Lehkonen.
1:47 of 1st period - Stopped by Alex Nedeljkovic without a rebound.
1:48 of 1st period - Trevor Lewis wins face-off versus Oscar Sundqvist in Atomiques zone.
1:55 of 1st period - Snap shot by Jamie McGinn.
1:55 of 1st period - Shot Blocked by Oliver Kylington.
1:57 of 1st period - Slapshot by Trevor Lewis.
1:57 of 1st period - Stopped by Alex Nedeljkovic with a rebound.
3:01 of 1st period - Wrist shot by Kerby Rychel.
3:01 of 1st period - Shot Misses the Net.
3:03 of 1st period - Slapshot by Cody Goloubef.
3:03 of 1st period - Shot Misses the Net.
3:05 of 1st period - Slapshot by Matt Tennyson.
3:05 of 1st period - Shot Misses the Net.
3:34 of 1st period - Jesper Pettersson is hit by Brendan Perlini and loses puck.
3:40 of 1st period - Icing by Mikko Vainonen.
3:41 of 1st period - Oscar Sundqvist wins face-off versus Brayden Point in Thunder zone.
4:35 of 1st period - Slapshot by William Nylander.
4:35 of 1st period - Shot Blocked by Jamie McGinn.
4:37 of 1st period - Snap shot by Michael Chaput.
4:37 of 1st period - Shot Misses the Net.
4:39 of 1st period - Slapshot by Brendan Guhle.
4:39 of 1st period - Shot Misses the Net.
5:16 of 1st period - Snap shot by Brock McGinn.
5:16 of 1st period - Stopped by Niklas Treutle without a rebound.
5:17 of 1st period - Trevor Lewis wins face-off versus Oscar Sundqvist in Thunder zone.
5:17 of 1st period - Trevor Lewis is hit by Kevin Fiala.
5:33 of 1st period - Wrist shot by Brock McGinn.
5:33 of 1st period - Stopped by Niklas Treutle without a rebound.
5:34 of 1st period - Zach Stepan wins face-off versus Dylan Strome in Thunder zone.
5:41 of 1st period - Wrist shot by Dany Roussin.
5:41 of 1st period - Shot Blocked by Wiley Sherman.
5:55 of 1st period - Snap shot by Brendan Perlini.
5:55 of 1st period - Deflect By Oscar Sundqvist.
5:55 of 1st period - Shot Blocked by Josh Manson.
5:55 of 1st period - Puck is out of play.
5:56 of 1st period - Oscar Sundqvist wins face-off versus Trevor Lewis in Thunder zone.
5:57 of 1st period - Wrist shot by Brock McGinn.
5:57 of 1st period - Stopped by Niklas Treutle without a rebound.
5:58 of 1st period - Oscar Sundqvist wins face-off versus Brayden Point in Thunder zone.
6:23 of 1st period - William Nylander is hit by Jamie McGinn and loses puck.
6:46 of 1st period - Slapshot by Roman Josi.
6:46 of 1st period - Stopped by Alex Nedeljkovic with a rebound.
6:48 of 1st period - Wrist shot by Brayden Point.
6:48 of 1st period - Stopped by Alex Nedeljkovic with a rebound.
6:50 of 1st period - Slapshot by Roman Josi.
6:50 of 1st period - Stopped by Alex Nedeljkovic with a rebound.
6:52 of 1st period - Wrist shot by Roman Josi.
6:52 of 1st period - Shot Blocked by Wiley Sherman.
7:08 of 1st period - Wrist shot by Brendan Perlini.
7:08 of 1st period - Stopped by Niklas Treutle with a rebound.
7:28 of 1st period - Snap shot by Oscar Sundqvist.
7:28 of 1st period - Deflect By Kevin Fiala.
7:28 of 1st period - Shot Blocked by Jamie McGinn.
7:28 of 1st period - Puck is out of play.
7:29 of 1st period - Oscar Sundqvist wins face-off versus Trevor Lewis in Thunder zone.
8:02 of 1st period - Icing by Brayden Point.
8:03 of 1st period - Brayden Point wins face-off versus Oscar Sundqvist in Thunder zone.
8:03 of 1st period - Brayden Point is hit by Oliver Kylington.
8:21 of 1st period - Wrist shot by Brayden Point.
8:21 of 1st period - Stopped by Alex Nedeljkovic without a rebound.
8:22 of 1st period - Michael Chaput wins face-off versus Trevor Lewis in Atomiques zone.
11:07 of 1st period - Minor Penalty to Michael Chaput for Roughing.
11:08 of 1st period - Trevor Lewis wins face-off versus Oscar Sundqvist in Atomiques zone.
11:13 of 1st period - Wrist shot by Jamie McGinn.
11:13 of 1st period - Shot Misses the Net.
11:15 of 1st period - Snap shot by Jesper Pettersson.
11:15 of 1st period - Shot Misses the Net.
11:17 of 1st period - Snap shot by Mikko Vainonen.
11:17 of 1st period - Shot Blocked by Wiley Sherman.
11:19 of 1st period - Snap shot by Trevor Lewis.
11:19 of 1st period - Stopped by Alex Nedeljkovic without a rebound.
11:20 of 1st period - Brayden Point wins face-off versus Oscar Sundqvist in Atomiques zone.
11:25 of 1st period - Slapshot by Dany Roussin.
11:25 of 1st period - Shot Misses the Net.
11:27 of 1st period - Slapshot by Roman Josi.
11:27 of 1st period - Stopped by Alex Nedeljkovic without a rebound.
11:28 of 1st period - Dany Roussin wins face-off versus Oscar Sundqvist in Atomiques zone.
11:31 of 1st period - Wrist shot by Dany Roussin.
11:31 of 1st period - Stopped by Alex Nedeljkovic without a rebound.
11:32 of 1st period - Oscar Sundqvist wins face-off versus Brayden Point in Atomiques zone.
11:57 of 1st period - Brock McGinn is hit by Jamie McGinn.
13:05 of 1st period - Wrist shot by Brayden Point.
13:05 of 1st period - Stopped by Alex Nedeljkovic without a rebound.
13:06 of 1st period - Trevor Lewis wins face-off versus Dylan Strome in Atomiques zone.
13:07 of 1st period - Penalty to Michael Chaput is over, Michael Chaput is back on ice.
13:41 of 1st period - Slapshot by Matt Tennyson.
13:41 of 1st period - Stopped by Niklas Treutle with a rebound.
13:43 of 1st period - Slapshot by Matt Tennyson.
13:43 of 1st period - Stopped by Niklas Treutle with a rebound.
13:45 of 1st period - Slapshot by Matt Tennyson.
13:45 of 1st period - Stopped by Niklas Treutle with a rebound.
14:01 of 1st period - Snap shot by Michael Chaput.
14:01 of 1st period - Shot Hit the Post.
14:03 of 1st period - Snap shot by Michael Chaput.
14:03 of 1st period - Goal by Michael Chaput - Atomiques : 1 - Thunder : 0.
14:04 of 1st period - Zach Stepan wins face-off versus Michael Chaput in neutral zone.
14:09 of 1st period - Snap shot by Dany Roussin.
14:09 of 1st period - Shot Blocked by Michael Chaput.
14:11 of 1st period - Wrist shot by Dany Roussin.
14:11 of 1st period - Shot Blocked by Cody Goloubef.
14:13 of 1st period - Wrist shot by Dany Roussin.
14:13 of 1st period - Shot Misses the Net.
14:15 of 1st period - Snap shot by Dany Roussin.
14:15 of 1st period - Shot Misses the Net.
14:17 of 1st period - Slapshot by Artturi Lehkonen.
14:17 of 1st period - Shot Hit the Post.
14:19 of 1st period - Snap shot by Dany Roussin.
14:19 of 1st period - Stopped by Alex Nedeljkovic without a rebound.
14:20 of 1st period - Brayden Point wins face-off versus Oscar Sundqvist in Atomiques zone.
14:25 of 1st period - Wrist shot by Brayden Point.
14:25 of 1st period - Deflect By Dany Roussin.
14:25 of 1st period - Stopped by Alex Nedeljkovic with a rebound.
14:45 of 1st period - Kevin Fiala is hit by Austin Poganski and loses puck.
15:06 of 1st period - Slapshot by Wiley Sherman.
15:06 of 1st period - Deflect By Dany Roussin.
15:06 of 1st period - Stopped by Niklas Treutle without a rebound.
15:07 of 1st period - Dylan Strome wins face-off versus Zach Stepan in Thunder zone.
15:16 of 1st period - Zach Stepan is hit by Oliver Kylington and loses puck.
16:06 of 1st period - Off-side.
16:07 of 1st period - Oscar Sundqvist wins face-off versus Brayden Point in neutral zone.
16:10 of 1st period - Slapshot by Wiley Sherman.
16:10 of 1st period - Shot Blocked by Brayden Point.
16:34 of 1st period - Snap shot by William Nylander.
16:34 of 1st period - Deflect By Denis Gurianov.
16:34 of 1st period - Shot Misses the Net.
16:34 of 1st period - Puck is out of play.
16:35 of 1st period - Trevor Lewis wins face-off versus Michael Chaput in Thunder zone.
17:29 of 1st period - Slapshot by Roman Josi.
17:29 of 1st period - Stopped by Alex Nedeljkovic without a rebound.
17:30 of 1st period - Trevor Lewis wins face-off versus Dylan Strome in Atomiques zone.
17:33 of 1st period - Wrist shot by Trevor Lewis.
17:33 of 1st period - Stopped by Alex Nedeljkovic with a rebound.
17:39 of 1st period - Snap shot by Brendan Perlini.
17:39 of 1st period - Shot Misses the Net.
17:41 of 1st period - Slapshot by Brendan Guhle.
17:41 of 1st period - Stopped by Niklas Treutle with a rebound.
17:43 of 1st period - Snap shot by Dylan Strome.
17:43 of 1st period - Shot Blocked by Jamie McGinn.
17:45 of 1st period - Slapshot by Brendan Guhle.
17:45 of 1st period - Stopped by Niklas Treutle with a rebound.
17:51 of 1st period - Minor Penalty to Jamie McGinn for Holding.
17:52 of 1st period - Oscar Sundqvist wins face-off versus Dany Roussin in Thunder zone.
18:39 of 1st period - Snap shot by Trevor Lewis.
18:39 of 1st period - Shot Misses the Net.
18:41 of 1st period - Slapshot by Trevor Lewis.
18:41 of 1st period - Shot Blocked by Matt Tennyson.
18:43 of 1st period - Snap shot by Trevor Lewis.
18:43 of 1st period - Shot Misses the Net.
18:45 of 1st period - Wrist shot by Trevor Lewis.
18:45 of 1st period - Shot Misses the Net.
18:47 of 1st period - Wrist shot by Trevor Lewis.
18:47 of 1st period - Shot Misses the Net.
18:49 of 1st period - Slapshot by Josh Manson.
18:49 of 1st period - Shot Misses the Net.
19:01 of 1st period - Snap shot by Kevin Fiala.
19:01 of 1st period - Shot Blocked by Roman Josi.
19:03 of 1st period - Snap shot by William Nylander.
19:03 of 1st period - Shot Hit the Post.
19:51 of 1st period - Penalty to Jamie McGinn is over, Jamie McGinn is back on ice.
19:55 of 1st period - Slapshot by Brayden Point.
19:55 of 1st period - Shot Misses the Net.
Goals for this period are 1 for Atomiques vs 0 for Thunder.
Shots for this period are 11 for Atomiques vs 14 for Thunder.
2nd period
0:01 of 2nd period - Oscar Sundqvist wins face-off versus Brayden Point in neutral zone.
0:06 of 2nd period - Slapshot by Kevin Fiala.
0:06 of 2nd period - Shot Misses the Net.
0:33 of 2nd period - Slapshot by Dylan Strome.
0:33 of 2nd period - Deflect By Brendan Perlini.
0:33 of 2nd period - Stopped by Niklas Treutle with a rebound.
0:35 of 2nd period - Slapshot by Nicolas Aube-Kubel.
0:35 of 2nd period - Stopped by Niklas Treutle with a rebound.
0:48 of 2nd period - Off-side.
0:49 of 2nd period - Michael Chaput wins face-off versus Zach Stepan in neutral zone.
1:28 of 2nd period - Wrist shot by William Nylander.
1:28 of 2nd period - Stopped by Niklas Treutle with a rebound.
1:30 of 2nd period - Wrist shot by Michael Chaput.
1:30 of 2nd period - Stopped by Niklas Treutle without a rebound.
1:31 of 2nd period - Oscar Sundqvist wins face-off versus Brayden Point in Thunder zone.
1:32 of 2nd period - Snap shot by Kevin Fiala.
1:32 of 2nd period - Shot Misses the Net.
2:03 of 2nd period - Snap shot by Trevor Lewis.
2:03 of 2nd period - Shot Misses the Net.
3:00 of 2nd period - Snap shot by Michael Chaput.
3:00 of 2nd period - Stopped by Niklas Treutle with a rebound.
3:37 of 2nd period - Snap shot by Kerby Rychel.
3:37 of 2nd period - Stopped by Niklas Treutle without a rebound.
3:38 of 2nd period - Trevor Lewis wins face-off versus Oscar Sundqvist in Thunder zone.
3:43 of 2nd period - Brock McGinn is hit by Trevor Lewis and loses puck.
3:52 of 2nd period - Snap shot by Trevor Lewis.
3:52 of 2nd period - Stopped by Alex Nedeljkovic with a rebound.
3:58 of 2nd period - Minor Penalty to Oscar Sundqvist for Tripping.
3:59 of 2nd period - Brayden Point wins face-off versus Michael Chaput in Atomiques zone.
4:02 of 2nd period - Wrist shot by Brayden Point.
4:02 of 2nd period - Shot Misses the Net.
5:31 of 2nd period - Mikko Vainonen is hit by Kerby Rychel and loses puck.
5:58 of 2nd period - Penalty to Oscar Sundqvist is over, Oscar Sundqvist is back on ice.
6:03 of 2nd period - Matt Tennyson is hit by Josh Manson and loses puck.
6:16 of 2nd period - Dany Roussin is hit by Brendan Perlini and loses puck.
6:27 of 2nd period - Brendan Perlini is hit by Zach Stepan and loses puck.
7:27 of 2nd period - Snap shot by Axel Holmstrom.
7:27 of 2nd period - Stopped by Niklas Treutle without a rebound.
7:28 of 2nd period - Artturi Lehkonen wins face-off versus Michael Chaput in Thunder zone.
7:38 of 2nd period - Wiley Sherman is hit by Artturi Lehkonen and loses puck.
7:53 of 2nd period - Colton Sceviour is hit by Kevin Fiala and loses puck.
8:22 of 2nd period - Snap shot by Jordan Weal.
8:22 of 2nd period - Goal by Jordan Weal - Atomiques : 1 - Thunder : 1.
8:23 of 2nd period - Brayden Point wins face-off versus Oscar Sundqvist in neutral zone.
8:26 of 2nd period - Kevin Fiala is hit by Mikko Vainonen and loses puck.
8:33 of 2nd period - Snap shot by Brayden Point.
8:33 of 2nd period - Stopped by Alex Nedeljkovic with a rebound.
8:35 of 2nd period - Backhand shot by Brayden Point.
8:35 of 2nd period - Stopped by Alex Nedeljkovic without a rebound.
8:36 of 2nd period - Kevin Fiala wins face-off versus Brayden Point in Atomiques zone.
8:43 of 2nd period - Wrist shot by Dany Roussin.
8:43 of 2nd period - Shot Misses the Net.
8:59 of 2nd period - Minor Penalty to Dany Roussin for Holding.
9:00 of 2nd period - Oscar Sundqvist wins face-off versus Colby Cave in Thunder zone.
9:11 of 2nd period - Wrist shot by Oscar Sundqvist.
9:11 of 2nd period - Goal by Oscar Sundqvist - Atomiques : 2 - Thunder : 1.
9:12 of 2nd period - Brayden Point wins face-off versus Oscar Sundqvist in neutral zone.
9:23 of 2nd period - Wrist shot by Dany Roussin.
9:23 of 2nd period - Shot Misses the Net.
9:25 of 2nd period - Snap shot by Brayden Point.
9:25 of 2nd period - Shot Blocked by Wiley Sherman.
9:27 of 2nd period - Backhand shot by Jesper Pettersson.
9:27 of 2nd period - Shot Blocked by Cody Goloubef.
9:37 of 2nd period - Trevor Lewis is hit by Brendan Perlini and loses puck.
11:04 of 2nd period - Dylan Strome is hit by Josh Manson.
12:48 of 2nd period - Jesper Pettersson is hit by Kerby Rychel and loses puck.
13:05 of 2nd period - Dany Roussin is hit by Michael Chaput and loses puck.
13:16 of 2nd period - Artturi Lehkonen is hit by William Nylander and loses puck.
13:24 of 2nd period - Icing by Mikko Vainonen.
13:25 of 2nd period - Trevor Lewis wins face-off versus Kevin Fiala in Thunder zone.
13:25 of 2nd period - Trevor Lewis is hit by Oscar Sundqvist.
13:43 of 2nd period - Trevor Lewis is hit by Wiley Sherman and loses puck.
14:00 of 2nd period - Snap shot by Dylan Strome.
14:00 of 2nd period - Stopped by Niklas Treutle without a rebound.
14:01 of 2nd period - Dylan Strome wins face-off versus Brayden Point in Thunder zone.
14:02 of 2nd period - Slapshot by Jeremy Lauzon.
14:02 of 2nd period - Shot Blocked by Brayden Point.
14:04 of 2nd period - Snap shot by Brendan Perlini.
14:04 of 2nd period - Deflect By Roman Josi.
14:04 of 2nd period - Shot Misses the Net.
14:04 of 2nd period - Puck is out of play.
14:05 of 2nd period - Dylan Strome wins face-off versus Brayden Point in Thunder zone.
14:14 of 2nd period - Wrist shot by Matt Tennyson.
14:14 of 2nd period - Shot Misses the Net.
14:16 of 2nd period - Snap shot by Nicolas Aube-Kubel.
14:16 of 2nd period - Stopped by Niklas Treutle without a rebound.
14:17 of 2nd period - Brayden Point wins face-off versus Oscar Sundqvist in Thunder zone.
14:32 of 2nd period - Wrist shot by Colton Sceviour.
14:32 of 2nd period - Shot Blocked by Cody Goloubef.
15:08 of 2nd period - Snap shot by Dylan Strome.
15:08 of 2nd period - Shot Misses the Net.
15:10 of 2nd period - Slapshot by Matt Tennyson.
15:10 of 2nd period - Shot Blocked by Roman Josi.
15:12 of 2nd period - Wrist shot by Nicolas Aube-Kubel.
15:12 of 2nd period - Shot Blocked by Josh Manson.
15:14 of 2nd period - Slapshot by Jeremy Lauzon.
15:14 of 2nd period - Shot Blocked by Josh Manson.
15:48 of 2nd period - Brock McGinn is hit by Josh Manson and loses puck.
16:39 of 2nd period - Snap shot by Jakob Lilja.
16:39 of 2nd period - Stopped by Alex Nedeljkovic without a rebound.
16:40 of 2nd period - Axel Holmstrom wins face-off versus Brayden Point in Atomiques zone.
17:01 of 2nd period - Wrist shot by Kerby Rychel.
17:01 of 2nd period - Shot Blocked by Austin Poganski.
17:03 of 2nd period - Wrist shot by Kerby Rychel.
17:03 of 2nd period - Stopped by Niklas Treutle with a rebound.
17:05 of 2nd period - Slapshot by Axel Holmstrom.
17:05 of 2nd period - Stopped by Niklas Treutle with a rebound.
17:07 of 2nd period - Wrist shot by Kerby Rychel.
17:07 of 2nd period - Shot Blocked by Trevor Lewis.
17:09 of 2nd period - Slapshot by Kerby Rychel.
17:09 of 2nd period - Shot Misses the Net.
17:11 of 2nd period - Slapshot by Cody Goloubef.
17:11 of 2nd period - Stopped by Niklas Treutle with a rebound.
17:13 of 2nd period - Slapshot by Wiley Sherman.
17:13 of 2nd period - Deflect By Kerby Rychel.
17:13 of 2nd period - Shot Misses the Net.
17:13 of 2nd period - Puck is out of play.
17:14 of 2nd period - Oscar Sundqvist wins face-off versus Dany Roussin in Thunder zone.
17:25 of 2nd period - Wrist shot by Brayden Point.
17:25 of 2nd period - Stopped by Alex Nedeljkovic without a rebound.
17:26 of 2nd period - Oscar Sundqvist wins face-off versus Brayden Point in Atomiques zone.
17:51 of 2nd period - Snap shot by Michael Chaput.
17:51 of 2nd period - Stopped by Niklas Treutle with a rebound.
18:29 of 2nd period - Jeremy Lauzon is hit by Jordan Weal and loses puck.
18:38 of 2nd period - Wrist shot by Kerby Rychel.
18:38 of 2nd period - Stopped by Niklas Treutle without a rebound.
18:39 of 2nd period - Oscar Sundqvist wins face-off versus Trevor Lewis in Thunder zone.
19:40 of 2nd period - Max McCormick is hit by Roman Josi and loses puck.
Goals for this period are 1 for Atomiques vs 1 for Thunder.
Shots for this period are 15 for Atomiques vs 6 for Thunder.
3rd period
0:01 of 3rd period - Brayden Point wins face-off versus Oscar Sundqvist in neutral zone.
1:11 of 3rd period - Snap shot by Jakob Lilja.
1:11 of 3rd period - Stopped by Alex Nedeljkovic with a rebound.
1:40 of 3rd period - Off-side.
1:41 of 3rd period - Zach Stepan wins face-off versus Dylan Strome in neutral zone.
1:50 of 3rd period - Snap shot by Artturi Lehkonen.
1:50 of 3rd period - Shot Blocked by Brendan Guhle.
1:52 of 3rd period - Wrist shot by Dany Roussin.
1:52 of 3rd period - Shot Blocked by Oliver Kylington.
1:58 of 3rd period - Minor Penalty to Brendan Perlini for Slashing.
1:59 of 3rd period - Brayden Point wins face-off versus Oscar Sundqvist in Atomiques zone.
2:06 of 3rd period - Snap shot by Dany Roussin.
2:06 of 3rd period - Shot Misses the Net.
2:08 of 3rd period - Snap shot by Brayden Point.
2:08 of 3rd period - Stopped by Alex Nedeljkovic with a rebound.
2:10 of 3rd period - Slapshot by Josh Manson.
2:10 of 3rd period - Shot Misses the Net.
2:12 of 3rd period - Slapshot by Brayden Point.
2:12 of 3rd period - Stopped by Alex Nedeljkovic without a rebound.
2:13 of 3rd period - Brayden Point wins face-off versus Oscar Sundqvist in Atomiques zone.
3:40 of 3rd period - Oscar Sundqvist is hit by Jamie McGinn and loses puck.
3:58 of 3rd period - Penalty to Brendan Perlini is over, Brendan Perlini is back on ice.
4:09 of 3rd period - Wrist shot by Artturi Lehkonen.
4:09 of 3rd period - Stopped by Alex Nedeljkovic with a rebound.
4:11 of 3rd period - Wrist shot by Zach Stepan.
4:11 of 3rd period - Goal by Zach Stepan - Atomiques : 2 - Thunder : 2.
4:12 of 3rd period - Jamie McGinn wins face-off versus Dylan Strome in neutral zone.
4:23 of 3rd period - Snap shot by Trevor Lewis.
4:23 of 3rd period - Shot Blocked by Brendan Perlini.
4:25 of 3rd period - Slapshot by Josh Manson.
4:25 of 3rd period - Goal by Josh Manson - Atomiques : 2 - Thunder : 3.
4:26 of 3rd period - Brayden Point wins face-off versus Oscar Sundqvist in neutral zone.
4:31 of 3rd period - Wrist shot by Dany Roussin.
4:31 of 3rd period - Stopped by Alex Nedeljkovic with a rebound.
4:33 of 3rd period - Slapshot by Josh Manson.
4:33 of 3rd period - Stopped by Alex Nedeljkovic with a rebound.
4:35 of 3rd period - Wrist shot by Colton Sceviour.
4:35 of 3rd period - Shot Blocked by Wiley Sherman.
4:37 of 3rd period - Wrist shot by Colton Sceviour.
4:37 of 3rd period - Stopped by Alex Nedeljkovic without a rebound.
4:38 of 3rd period - Oscar Sundqvist wins face-off versus Brayden Point in Atomiques zone.
5:35 of 3rd period - Minor Penalty to Brendan Perlini for Interference.
5:36 of 3rd period - Oscar Sundqvist wins face-off versus Brayden Point in Atomiques zone.
6:12 of 3rd period - Wrist shot by Austin Poganski.
6:12 of 3rd period - Stopped by Alex Nedeljkovic without a rebound.
6:13 of 3rd period - Oscar Sundqvist wins face-off versus Brayden Point in Atomiques zone.
6:13 of 3rd period - Oscar Sundqvist is hit by Brayden Point.
7:35 of 3rd period - Penalty to Brendan Perlini is over, Brendan Perlini is back on ice.
7:39 of 3rd period - Wrist shot by Brock McGinn.
7:39 of 3rd period - Stopped by Niklas Treutle without a rebound.
7:40 of 3rd period - Dylan Strome wins face-off versus Brayden Point in Thunder zone.
7:43 of 3rd period - Snap shot by Dylan Strome.
7:43 of 3rd period - Stopped by Niklas Treutle with a rebound.
7:45 of 3rd period - Snap shot by Dylan Strome.
7:45 of 3rd period - Shot Misses the Net.
7:47 of 3rd period - Snap shot by Brendan Perlini.
7:47 of 3rd period - Stopped by Niklas Treutle without a rebound.
7:48 of 3rd period - Trevor Lewis wins face-off versus Dylan Strome in Thunder zone.
7:53 of 3rd period - Wrist shot by Wiley Sherman.
7:53 of 3rd period - Stopped by Niklas Treutle without a rebound.
7:54 of 3rd period - Trevor Lewis wins face-off versus Oscar Sundqvist in Thunder zone.
7:54 of 3rd period - Trevor Lewis is hit by Cody Goloubef.
8:56 of 3rd period - Slapshot by Roman Josi.
8:56 of 3rd period - Stopped by Alex Nedeljkovic without a rebound.
8:57 of 3rd period - Axel Holmstrom wins face-off versus Trevor Lewis in Atomiques zone.
9:48 of 3rd period - Snap shot by Brayden Point.
9:48 of 3rd period - Stopped by Alex Nedeljkovic without a rebound.
9:49 of 3rd period - Oscar Sundqvist wins face-off versus Brayden Point in Atomiques zone.
10:56 of 3rd period - Kerby Rychel is hit by Austin Poganski and loses puck.
11:49 of 3rd period - Snap shot by Michael Chaput.
11:49 of 3rd period - Stopped by Niklas Treutle without a rebound.
11:50 of 3rd period - Jordan Weal wins face-off versus Oscar Sundqvist in Thunder zone.
11:50 of 3rd period - Jordan Weal is hit by Oscar Sundqvist.
13:16 of 3rd period - Wrist shot by Kevin Fiala.
13:16 of 3rd period - Shot Misses the Net.
14:23 of 3rd period - Backhand shot by Kevin Fiala.
14:23 of 3rd period - Shot Misses the Net.
14:33 of 3rd period - Jesper Pettersson is hit by Matt Tennyson.
14:43 of 3rd period - Wrist shot by Zach Stepan.
14:43 of 3rd period - Shot Misses the Net.
14:45 of 3rd period - Backhand shot by Zach Stepan.
14:45 of 3rd period - Shot Blocked by Matt Tennyson.
14:47 of 3rd period - Slapshot by Ryan Graves.
14:47 of 3rd period - Shot Blocked by Jeremy Lauzon.
15:01 of 3rd period - Snap shot by Artturi Lehkonen.
15:01 of 3rd period - Shot Misses the Net.
15:03 of 3rd period - Slapshot by Josh Manson.
15:03 of 3rd period - Stopped by Alex Nedeljkovic with a rebound.
15:05 of 3rd period - Slapshot by Josh Manson.
15:05 of 3rd period - Shot Blocked by Matt Tennyson.
15:23 of 3rd period - Snap shot by Dylan Strome.
15:23 of 3rd period - Shot Blocked by Roman Josi.
15:25 of 3rd period - Slapshot by Jeremy Lauzon.
15:25 of 3rd period - Shot Misses the Net.
15:27 of 3rd period - Wrist shot by Nicolas Aube-Kubel.
15:27 of 3rd period - Goal by Nicolas Aube-Kubel - Atomiques : 3 - Thunder : 3.
15:28 of 3rd period - Brayden Point wins face-off versus Oscar Sundqvist in neutral zone.
15:33 of 3rd period - Slapshot by Jesper Pettersson.
15:33 of 3rd period - Deflect By Brayden Point.
15:33 of 3rd period - Stopped by Alex Nedeljkovic without a rebound.
15:34 of 3rd period - Oscar Sundqvist wins face-off versus Brayden Point in Atomiques zone.
15:36 of 3rd period - Minor Penalty to Brock McGinn for Holding.
15:37 of 3rd period - Brayden Point wins face-off versus Oscar Sundqvist in Atomiques zone.
15:37 of 3rd period - Slapshot by Dany Roussin.
15:37 of 3rd period - Stopped by Alex Nedeljkovic with a rebound.
16:03 of 3rd period - Cody Goloubef is hit by Jamie McGinn and loses puck.
17:24 of 3rd period - Mikko Vainonen is hit by Dylan Strome and loses puck.
17:36 of 3rd period - Penalty to Brock McGinn is over, Brock McGinn is back on ice.
17:45 of 3rd period - Snap shot by Dany Roussin.
17:45 of 3rd period - Stopped by Alex Nedeljkovic with a rebound.
17:57 of 3rd period - Snap shot by Oscar Sundqvist.
17:57 of 3rd period - Deflect By Kerby Rychel.
17:57 of 3rd period - Shot Blocked by Dany Roussin.
17:57 of 3rd period - Puck is out of play.
17:58 of 3rd period - Trevor Lewis wins face-off versus Dylan Strome in Thunder zone.
18:03 of 3rd period - Brendan Perlini is hit by Austin Poganski and loses puck.
18:12 of 3rd period - Austin Poganski is hit by Wiley Sherman.
18:24 of 3rd period - Josh Manson is hit by Michael Chaput and loses puck.
18:39 of 3rd period - Mackenze Stewart is hit by Kevin Fiala and loses puck.
19:15 of 3rd period - Minor Penalty to Zach Stepan for Roughing.
19:16 of 3rd period - Dany Roussin wins face-off versus Michael Chaput in Thunder zone.
19:26 of 3rd period - Slapshot by William Nylander.
19:26 of 3rd period - Stopped by Niklas Treutle without a rebound.
19:27 of 3rd period - Dany Roussin wins face-off versus Oscar Sundqvist in Thunder zone.
Goals for this period are 1 for Atomiques vs 2 for Thunder.
Shots for this period are 7 for Atomiques vs 16 for Thunder.
Overtime #1
0:01 of 1st overtime period - Dany Roussin wins face-off versus Brock McGinn in neutral zone.
1:00 of 1st overtime period - Snap shot by Michael Chaput.
1:00 of 1st overtime period - Deflect By Jesper Pettersson.
1:00 of 1st overtime period - Shot Misses the Net.
1:00 of 1st overtime period - Puck is out of play.
1:01 of 1st overtime period - Oscar Sundqvist wins face-off versus Dany Roussin in Thunder zone.
1:15 of 1st overtime period - Penalty to Zach Stepan is over, Zach Stepan is back on ice.
2:30 of 1st overtime period - Roman Josi is hit by William Nylander and loses puck.
2:43 of 1st overtime period - Josh Manson is hit by Brock McGinn and loses puck.
3:48 of 1st overtime period - Kerby Rychel is hit by Roman Josi and loses puck.
4:01 of 1st overtime period - Matt Tennyson is hit by Jesper Pettersson and loses puck.
4:33 of 1st overtime period - Oliver Kylington is hit by Ryan Graves and loses puck.
Goals for this period are 0 for Atomiques vs 0 for Thunder.
Shots for this period are 0 for Atomiques vs 0 for Thunder.
ShootOut
5:00 of 1st overtime period - Round #1.
5:00 of 1st overtime period - Atomiques, Brock McGinn.
5:00 of 1st overtime period - Wrist shot by Brock McGinn.
5:00 of 1st overtime period - Stopped by Niklas Treutle.
5:00 of 1st overtime period - Thunder, Dany Roussin.
5:00 of 1st overtime period - Snap shot by Dany Roussin.
5:00 of 1st overtime period - Shot Misses the Net.
5:00 of 1st overtime period - Round #2.
5:00 of 1st overtime period - Atomiques, Oscar Sundqvist.
5:00 of 1st overtime period - Snap shot by Oscar Sundqvist.
5:00 of 1st overtime period - Stopped by Niklas Treutle.
5:00 of 1st overtime period - Thunder, Brayden Point.
5:00 of 1st overtime period - Snap shot by Brayden Point.
5:00 of 1st overtime period - Shot Misses the Net.
5:00 of 1st overtime period - Round #3.
5:00 of 1st overtime period - Atomiques, Michael Chaput.
5:00 of 1st overtime period - Snap shot by Michael Chaput.
5:00 of 1st overtime period - Goal by Michael Chaput.
5:00 of 1st overtime period - Thunder, Trevor Lewis.
5:00 of 1st overtime period - Wrist shot by Trevor Lewis.
5:00 of 1st overtime period - Goal by Trevor Lewis.
5:00 of 1st overtime period - Round #4.
5:00 of 1st overtime period - Atomiques, William Nylander.
5:00 of 1st overtime period - Wrist shot by William Nylander.
5:00 of 1st overtime period - Goal by William Nylander.
5:00 of 1st overtime period - Thunder, Jamie McGinn.
5:00 of 1st overtime period - Snap shot by Jamie McGinn.
5:00 of 1st overtime period - Goal by Jamie McGinn.
5:00 of 1st overtime period - Round #5.
5:00 of 1st overtime period - Atomiques, Kerby Rychel.
5:00 of 1st overtime period - Wrist shot by Kerby Rychel.
5:00 of 1st overtime period - Goal by Kerby Rychel.
5:00 of 1st overtime period - Thunder, Zach Stepan.
5:00 of 1st overtime period - Wrist shot by Zach Stepan.
5:00 of 1st overtime period - Stopped by Alex Nedeljkovic.